Map: [ESL] Moondance

Players

iGCoffeeMs (Coffee)

  • Race: Terran Terran
  • League: Master

TIME (Oliveira) - Winner!

  • Race: Terran Terran

Event: DreamHack SC2 Masters 2022 Atlanta (Online)

VOD

Have the link to the VOD?

Description

Time

  • Played on: Oct. 9, 2022, 9 a.m.
  • Length: 5:37

All games in this series

Show
View Real Time Build Order
Export as new Build Order

iGCoffeeMs Terran 

Build Orders: Gas First Reaper Expand, Hellion Opening 

Get SALT Encoding   

  12  0:00  SCV  
  13  0:12  SCV  
  14  0:16  Supply Depot  
  14  0:24  SCV  
  14  0:27  Refinery  
  15  0:38  SCV  
  16  0:44  Barracks  
  16  0:50  SCV  
  17  1:02  SCV  
  18  1:14  SCV  
  19  1:31  Reaper, Orbital Command  
  20  1:44  Command Center  
  20  1:56  Factory  
  20  1:57  SCV  
  21  2:04  Barracks Reactor  
  21  2:06  Supply Depot  
  21  2:10  SCV  
  22  2:16  Refinery  
  22  2:22  SCV  
  23  2:34  SCV  
  24  2:42  Starport  
  24  2:46  Hellion x2  
  24  2:49  Barracks Tech Lab  
  28  3:07  Hellion x2, Marauder  
  28  3:09  SCV  
  35  3:17  Concussive Shells  
  35  3:22  Orbital Command  
  35  3:23  Medivac  
  37  3:29  Hellion x2  
  37  3:33  Marauder  
  43  3:39  Supply Depot  
  43  3:40  SCV  
  44  3:48  SCV  
  45  4:00  Hellion x2  
  45  4:02  SCV x2  
  51  4:05  Supply Depot  
  51  4:09  Barracks Tech Lab  
  51  4:11  Raven  
  47  4:31  Marauder  
  46  4:33  SCV x2  
  46  4:35  Hellion  
  46  4:36  Hellion  
  48  4:50  SCV x2  
  46  4:57  Hellion x2  
  49  5:02  SCV x2  
  43  5:14  SCV x2  
Show
View Real Time Build Order
Export as new Build Order

TIME Terran - Winner!

Build Orders:  

Get SALT Encoding   

  12  0:00  SCV  
  13  0:12  SCV  
  14  0:17  Supply Depot  
  14  0:24  SCV  
  15  0:38  SCV  
  15  0:40  Barracks  
  16  0:44  Refinery  
  16  0:50  SCV  
  16  0:53  Refinery  
  17  1:03  SCV  
  18  1:15  SCV  
  19  1:27  Reaper, Orbital Command  
  19  1:29  Supply Depot  
  20  1:43  Factory  
  20  1:53  SCV  
  21  1:59  Reaper  
  22  2:06  SCV  
  23  2:18  SCV  
  24  2:25  Command Center  
  24  2:29  Hellion  
  26  2:30  SCV  
  26  2:33  Reaper  
  28  2:42  Supply Depot, SCV  
  31  2:51  Widow Mine  
  31  2:58  Starport  
  31  3:04  SCV  
  32  3:06  Barracks Reactor  
  32  3:14  Factory Tech Lab  
  32  3:16  SCV  
  33  3:24  Refinery  
  33  3:28  SCV  
  33  3:33  Cyclone  
  37  3:35  Starport Tech Lab  
  37  3:37  Orbital Command  
  37  3:40  SCV  
  38  3:42  Marine x2  
  40  3:52  SCV  
  40  3:55  Raven  
  43  4:00  Marine x2  
  43  4:02  SCV  
  46  4:04  SCV  
  46  4:08  Cyclone  
  48  4:11  Supply Depot  
  47  4:18  Marine x2  
  47  4:23  SCV  
  43  4:36  Marine x2  
  44  4:40  Siege Tank  
  42  4:49  SCV  
  42  4:51  SCV  
  41  4:54  Marine x2  
  44  5:03  SCV  
  44  5:04  SCV  
  43  5:11  Marine  
  41  5:15  SCV  
  41  5:16  SCV  
  49  5:29  Supply Depot  
Tags
 
Add a new tag
Caveats
  • Supply blocks, unpowered buildings, or Contaminate may cause inaccurate times.
  • Supply counts are checked every 10 seconds.